[Event "Live Chess"]
[Site "Chess.com"]
[Date "2023.05.21"]
[Round "-"]
[White "DerbyKnight"]
[Black "Hussamalhaidar"]
[Result "1-0"]
[WhiteElo "1572"]
[BlackElo "1070"]
[TimeControl "300"]
[EndTime "17:34:41 PDT"]
[Termination "DerbyKnight won on time"]

1. e4 Nc6 2. d4 e5 3. Nf3 exd4 4. Nxd4 Nxd4 5. Qxd4 Nf6 6. e5 Qe7 7. Bg5 d6 8. f4 c5 9. Qa4+ Bd7 10. Bb5 Rd8 11. O-O h6 12. exf6 Qe3+ 13. Kh1 hxg5 14. fxg5 gxf6 15.
gxf6 Bxb5 16. Qxb5+ Rd7 17. Nc3 Qh6 18. Rae1+ Kd8 19.
h3 b6 20. Qc6 Qd2 21. Qa8+ Kc7 22. Qxa7+ Kc6 23. Qa4+ Kc7 24. Nb5+ Kb7 25. Re8 Qa5 26. Qxa5 bxa5 27. Nc3 Bh6 28. Rxh8 Be3 29. Nd5 1-0

[Event "Live Chess"]
[Site "Chess.com"]
[Date "2023.05.21"]
[Round "-"]
[White "domrobson"]
[Black "raminguy"]
[Result "0-1"]
[WhiteElo "1736"]
[BlackElo "1941"]
[TimeControl "300"]
[EndTime "17:34:52 PDT"]
[Termination "raminguy won by checkmate"]

1. d4 d5 2. c4 e6 3. Nf3 a6 4. Nc3 dxc4 5. e3 b5 6. a4 b4 7. Na2 Qd5 8. Bd2 a5 9. Rc1 Ba6 10. Be2 Nf6 11. O-O Nbd7 12. Ne5 Nxe5 13. dxe5 Qxe5 14. Bxc4 Bxc4 15. Rxc4 Bd6 16. b3 Qxh2# 0-1

[Event "Live Chess"]
[Site "Chess.com"]
[Date "2023.05.21"]
[Round "-"]
[White "romchyk1219"]
[Black "Long1968"]
[Result "1-0"]
[WhiteElo "634"]
[BlackElo "1049"]
[TimeControl "300"]
[EndTime "17:35:05 PDT"]
[Termination "romchyk1219 won on time"]

1. e4 e6 2. d4 d5 3. e5 c5 4. Nf3 cxd4 5. Nxd4 Nc6 6. Nxc6 bxc6 7. Bd3 a5 8. O-O Ba6 9. b3 Bc5 10. Bxa6 Rxa6 11. Bb2 Qb6 12. h3 Ne7 13. Qc1 Ng6 14.
Nc3 Qc7 15. Ne2 Nxe5 16. Qf4 Bd6 17. Ng3 O-O 18. Nh5 Ng6 19. Qg5 Be5 20. Bxe5 Qxe5 21.
Qxe5 Nxe5 22. Rfe1 Nd7 23. Re3 e5 24. Rg3 g6 25.
Nf6+ Nxf6 26. Re1 e4 27. f3 Kg7 28. fxe4 Nxe4 29. Rge3 f5 30. c4 d4 31. Rd3 c5 32.
a3 Re8 33. b4 axb4 34. axb4 cxb4 35. Rxd4 b3 36. g4 b2 37. gxf5 Ra1 38. Rd7+ Kg8 39.
Rd4 Rxe1+ 40. Kg2 1-0

[Event "Live Chess"]
[Site "Chess.com"]
[Date "2023.05.21"]
[Round "-"]
[White "Doge_Dandolo"]
[Black "LodeshChess"]
[Result "1-0"]
[WhiteElo "1961"]
[BlackElo "1156"]
[TimeControl "300"]
[EndTime "17:35:07 PDT"]
[Termination "Doge_Dandolo won by resignation"]

1. Nf3 c6 2. c4 d5 3. g3 Nf6 4. Bg2 Bg4 5. Qb3 e6 6. Qxb7 Nbd7 7. Qxc6 Be7 8. cxd5 Nxd5 9. O-O O-O 10. Nc3 Nxc3 11. dxc3 Bxf3 12. Bxf3 Ne5 13. Qxa8 1-0

[Event "Live Chess"]
[Site "Chess.com"]
[Date "2023.05.21"]
[Round "-"]
[White "wot-not"]
[Black "CeladonFish"]
[Result "1-0"]
[WhiteElo "1542"]
[BlackElo "1096"]
[TimeControl "300"]
[EndTime "17:35:25 PDT"]
[Termination "wot-not won by resignation"]

1. e4 d6 2. f4 Nf6 3. e5 dxe5 4. fxe5 Nd5 5. Nf3 e6 6. d4 Nc6 7. Bd3 Ncb4 8. O-O Nxd3 9. Qxd3 g6 10. Ng5 Nb4 11. Qe4 f5 12. exf6 Nc6 13. Nxe6 Nb8 14. Nxd8+ 1-0

[Event "Live Chess"]
[Site "Chess.com"]
[Date "2023.05.21"]
[Round "-"]
[White "AlanPaling"]
[Black "jimwad"]
[Result "1-0"]
[WhiteElo "1393"]
[BlackElo "1249"]
[TimeControl "300"]
[EndTime "17:35:46 PDT"]
[Termination "AlanPaling won by resignation"]

1. c4 e5 2. Nc3 Nc6 3. g3 Nf6 4. Bg2 Bc5 5. e3 d6 6. Nge2 O-O 7. O-O Be6 8. d4 exd4 9. exd4 Bb4 10. d5 Bxd5 11.
cxd5 Ne5 12. a3 Bc5 13. Ne4 Nxe4 14. Bxe4 f5 15. Bg2 Ng4 16. h3 Nxf2 17. Rxf2 Bxf2+ 18.
Kxf2 Qg5 19. Bxg5 1-0

[Event "Live Chess"]
[Site "Chess.com"]
[Date "2023.05.21"]
[Round "-"]
[White "alanmike75"]
[Black "SupremeTactician"]
[Result "1/2-1/2"]
[WhiteElo "1562"]
[BlackElo "2334"]
[TimeControl "300"]
[EndTime "17:35:51 PDT"]
[Termination "Game drawn by stalemate"]

1. e4 e5 2. Nf3 Nc6 3. Bc4 Bc5 4. d3 Nf6 5. Be3 Bb6 6. Bxb6 axb6 7. Nc3 O-O 8. Nd5 d6 9. a3 Be6 10. Nxf6+ Qxf6 11. Bxe6 fxe6 12. O-O Nd4 13. Nxd4 exd4 14. f4 e5 15. f5 g6 16. Qg4 Kh8 17. fxg6 Qxg6 18. Qxg6 hxg6 19. Rae1 Kg7 20. g3 Rxf1+ 21. Rxf1 b5 22.
Kg2 b6 23. h3 c5 24. Rf3 b4 25. axb4 cxb4 26. b3 Ra2 27. Rf2 Rb2 28. Kf3 Kf6 29. Kg4+ Ke6 30. Kg5 d5 31. Rf6+ Kd7 32. Rxb6 dxe4 33. dxe4 Rxc2 34. Rxb4 d3 35. Rb5 d2 36. Rd5+ Ke6 37. Kxg6 Rc3 38. Rxd2 Rxg3+ 39. Kh5 Rxh3+ 40. Kg4 Rxb3 41. Rc2 Kd6 42. Rd2+ Ke6 43. Rc2 Rb6 44. Rh2 Rb4 45. Rh6+ Kd7 46. Kf5 Rb5 47. Rh7+ Kd6 48. Rh6+ Kd7 49. Re6 Ra5 50. Rxe5 Rxe5+ 51. Kxe5 Ke7 52.
Kd5 Kd7 53. Ke5 Ke7 54. Kf5 Kf7 55. e5 Ke7 56. e6 Ke8 57. Kf6 Kf8 58. e7+ Ke8 59. Ke6 1/2-1/2

[Event "Live Chess"]
[Site "Chess.com"]
[Date "2023.05.21"]
[Round "-"]
[White "Conradical12"]
[Black "gmnorfolk"]
[Result "0-1"]
[WhiteElo "1626"]
[BlackElo "2119"]
[TimeControl "300"]
[EndTime "17:35:53 PDT"]
[Termination "gmnorfolk won by resignation"]

1. e4 c5 2. Nc3 g6 3. Nf3 Bg7 4.
d4 cxd4 5. Nxd4 Nc6 6. Nb3 Nf6 7.
Be3 O-O 8. Qd2 a5 9. a4 d5 10. O-O-O Nxe4 11. Nxe4 dxe4 12. Qxd8 Rxd8 13. Rxd8+ Nxd8 14. Bb5 Nc6 15. Bxc6 bxc6 16. Rd1 Be6 17. Nc5 Bd5 18.
b3 f5 19. c4 Bf7 20. Rd7 e5 21. Rc7 f4 22. Bd2 Rb8 23. Kc2 g5 24. Nxe4 Bg6 25.
f3 g4 26. Kc3 h5 27. Ng5 Rd8 28. Ne6 Rd3+ 29. Kc2 Rd6+ 0-1

[Event "Live Chess"]
[Site "Chess.com"]
[Date "2023.05.21"]
[Round "-"]
[White "stevochess11"]
[Black "Missedidea"]
[Result "0-1"]
[WhiteElo "1787"]
[BlackElo "1832"]
[TimeControl "300"]
[EndTime "17:36:08 PDT"]
[Termination "Missedidea won by resignation"]

1. d4 Nf6 2. Nf3 g6 3. Nc3 c5 4. e4 cxd4 5. Nxd4 d6 6. Be3 Bg7 7. f3 O-O 8. Bc4 Nc6 9. Qd2 Bd7 10. O-O a6 11. Rad1 b5 12. Nxc6 Bxc6 13. Bd5 Nxd5 14.
exd5 Bd7 15. Bh6 Rc8 16. Bxg7 Kxg7 17. Qd4+ Kg8 18. Rd2 Rc4 19. Qe3 Bf5 20. Re1 e5 21.
dxe6 Bxe6 22. Ne4 d5 23. Qh6 Qb6+ 24. Nf2 Rfc8 25. c3 b4 26. Qe3 Qxe3 27. Rxe3 bxc3 28. bxc3 Rxc3 29. Rxc3 Rxc3 30. Rb2 Rc1+ 31. Nd1 Rxd1+ 32. Kf2 d4 33. Ke2 Rg1 34. g4 Rg2+ 0-1

[Event "Live Chess"]
[Site "Chess.com"]
[Date "2023.05.21"]
[Round "-"]
[White "DaveL5678"]
[Black "Man-Del-Brot"]
[Result "1-0"]
[WhiteElo "1006"]
[BlackElo "1041"]
[TimeControl "300"]
[EndTime "17:36:13 PDT"]
[Termination "DaveL5678 won on time"]

1. e4 e5 2. Nf3 Nc6 3. c3 d6 4. d4 Bg4 5. d5 Nb8 6. h3 Bxf3 7. Qxf3 Nf6 8. Bg5 Be7 9. Nd2 a6 10. Be2 Nxd5 11. Bxe7 Nxe7 12. O-O O-O 13. Nc4 f5 14.
Nd2 d5 15. exd5 e4 16. Qf4 Nxd5 17. Bc4 Kh8 18. Bxd5 Qxd5 19. c4 Qe6 20. Qxc7 Nc6 21.
Qxb7 Nd4 22. Qd5 Qf6 23. Rad1 Rad8 24. Qc5 Ne2+ 25. Kh1 Rfe8 26. Nb3 Rxd1 27. Rxd1 Qg6 28. Nd4 Nf4 29. g3 Ne6 30. Nxe6 Qxe6 31. Qd5 Qxd5 32.
Rxd5 e3 33. fxe3 h6 34. Kg2 Kh7 35. Kf3 1-0

[Event "Live Chess"]
[Site "Chess.com"]
[Date "2023.05.21"]
[Round "-"]
[White "Tushinskiy"]
[Black "laminaaprod"]
[Result "0-1"]
[WhiteElo "2159"]
[BlackElo "2237"]
[TimeControl "300"]
[EndTime "17:36:33 PDT"]
[Termination "laminaaprod won by resignation"]

1. d4 d5 2. c3 c5 3. Nf3 Nc6 4. Bf4 e6 5. e3 Bd6 6. Bg3 Bxg3 7.
hxg3 Nf6 8. Bd3 Qc7 9. Nbd2 e5 10. dxe5 Nxe5 11. Nxe5 Qxe5 12. Nf3 Qe7 13. Be2 h6 14. Qa4+ Bd7 15. Qa3 Bc6 16. O-O-O b5 17. Qa5 b4 18. Bb5 Bxb5 19. Qxb5+ Kf8 20. cxb4 cxb4 21. Rd4 a5 22.
Kb1 g6 23. Qd3 Kg7 24. Rf4 Rac8 25. g4 a4 26. Nd4 a3 27. f3 Rhe8 28. Re1 axb2 29.
Kxb2 Rc3 30. Qa6 Ra3 31. Qc6 Rea8 32. Ra1 R8a6 33. Qb5 Qxe3 34. Nc2 Qxf4 35. Nxa3 bxa3+ 36. Kc2 Ra4 37. Rb1 Rc4+ 38. Kd1 Rd4+ 39. Ke1 Qe3+ 40. Kf1 Rd2 0-1

[Event "Live Chess"]
[Site "Chess.com"]
[Date "2023.05.21"]
[Round "-"]
[White "nigelst"]
[Black "KGreenGator"]
[Result "0-1"]
[WhiteElo "1786"]
[BlackElo "1792"]
[TimeControl "300"]
[EndTime "17:36:37 PDT"]
[Termination "KGreenGator won by resignation"]

1. e4 c5 2. Nf3 Nc6 3. Bb5 Qc7 4. O-O a6 5. Bxc6 Qxc6 6. c3 Qxe4 7. Re1 Qc6 8. d4 cxd4 9. cxd4 d5 10. Ne5 Qc7 11.
Qf3 Nf6 12. Bg5 Qa5 13. Nc3 Be6 14. a3 h6 15. Bh4 Nd7 16. Ng6 Rg8 17. Nxf8 Rxf8 18.
Qh5 Kd8 19. Rac1 Nf6 20. Bxf6 exf6 21. Qf3 Kd7 22. b4 Qxa3 23. Nxd5 Qxf3 24. gxf3 Bxd5 0-1

[Event "Live Chess"]
[Site "Chess.com"]
[Date "2023.05.21"]
[Round "-"]
[White "Cimon"]
[Black "LanceMaster23"]
[Result "1/2-1/2"]
[WhiteElo "1857"]
[BlackElo "1900"]
[TimeControl "300"]
[EndTime "17:37:16 PDT"]
[Termination "Game drawn - timeout vs insufficient material"]

1. d4 Nf6 2. Nf3 d5 3. c4 Bf5 4. Nc3 e6 5. Qb3 b6 6. cxd5 exd5 7. Bg5 c6 8. e3 h6 9. Bh4 Be7 10. Be2 O-O 11. O-O Re8 12. Ne5 Ne4 13. Bxe7 Qxe7 14. Rac1 f6 15. Nxe4 fxe5 16. Ng3 Be6 17. dxe5 c5 18.
Bh5 Rd8 19. Qd3 Nc6 20. f4 d4 21. e4 c4 22. Qf3 d3 23. Nf5 Bxf5 24. exf5 Qc5+ 25. Kh1 Nd4 26. Qg4 Kh8 27. f6 gxf6 28. Qg6 Qf8 29. Rxc4 Rac8 30. b3 Rxc4 31. bxc4 f5 32.
Rd1 Nc6 33. Qxc6 d2 34. Qf6+ Kh7 35. Qxf8 Rxf8 36. Rxd2 Rc8 37. Rc2 b5 38. c5 a5 39. c6 b4 40. c7 a4 41. Bf7 b3 42.
axb3 axb3 43. Rb2 Rxc7 44. Kg1 Rxf7 45. Rxb3 Rc7 46. Kf2 Kg6 47. Rb6+ Kh5 48. Kg3 Rc3+ 49. Kf2 Kg4 50. Rxh6 Kxf4 51. e6 Ke5 52. e7 Rc8 53. Rh7 Ke6 54. g3 Re8 55. g4 Rxe7 56. gxf5+ Kd7 57. Rxe7+ Kxe7 58. h4 Kf6 59. h5 Kxf5 1/2-1/2

[Event "Live Chess"]
[Site "Chess.com"]
[Date "2023.05.21"]
[Round "-"]
[White "jimwad"]
[Black "CeladonFish"]
[Result "1-0"]
[WhiteElo "1254"]
[BlackElo "1088"]
[TimeControl "300"]
[EndTime "17:37:42 PDT"]
[Termination "jimwad won by resignation"]

1. d4 Nf6 2. c4 g6 3. Nc3 Bg7 4.
Nf3 O-O 5. Bf4 d5 6. c5 b6 7.
b4 a5 8. a3 bxc5 9. bxc5 Nh5 10. Qd2 Nc6 11. Nb5 Rb8 12. Bxc7 1-0

[Event "Live Chess"]
[Site "Chess.com"]
[Date "2023.05.21"]
[Round "-"]
[White "LiamBellwood"]
[Black "CheckThis4"]
[Result "0-1"]
[WhiteElo "2058"]
[BlackElo "2511"]
[TimeControl "300"]
[EndTime "17:37:59 PDT"]
[Termination "CheckThis4 won by resignation"]

1. d4 Nf6 2. Nc3 d5 3. Bf4 a6 4. e3 e6 5. Qf3 c5 6. g4 Nc6 7. g5 Nd7 8. Nge2 Qb6 9. O-O-O cxd4 10. Nxd4 Nxd4 11. exd4 Bb4 12. a3 Be7 13. Bg2 Qa5 14.
Rhe1 Nb6 15. Bc7 Bd7 16. Bxb6 Qxb6 17. h4 Rc8 18. Kb1 Qa5 19. h5 g6 20. hxg6 hxg6 21. Rh1 Rf8 22. Rhe1 Bc6 23. Qf4 Bxa3 24. Nxd5 Bxd5 25.
Bxd5 Bxb2 26. Ba2 Bc3 27. Qd6 Rc6 28. Qb8+ Ke7 29. Qxb7+ Rc7 0-1

[Event "Live Chess"]
[Site "Chess.com"]
[Date "2023.05.21"]
[Round "-"]
[White "manthanit"]
[Black "Jo1ts"]
[Result "0-1"]
[WhiteElo "1047"]
[BlackElo "814"]
[TimeControl "300"]
[EndTime "17:38:15 PDT"]
[Termination "Jo1ts won by resignation"]

1. e4 e5 2. Nf3 Nc6 3. Bc4 f5 4.
d3 fxe4 5. dxe4 Nf6 6. Bg5 Be7 7. Nc3 h6 8. Bh4 g5 9. Bg3 d6 10. h3 Bd7 11. a3 Bf8 12. O-O Qe7 13. b4 Be6 14. Bxe6 Qxe6 15. Nd5 O-O-O 16. Nxf6 Qxf6 17. c4 h5 18. Kh1 g4 19. Nh2 Bh6 20. Nxg4 hxg4 21.
Qxg4+ Kb8 22. f4 Rhg8 23. Qf3 Nd4 24. Qf2 Rdf8 25. Bh4 Qxf4 26. Qxf4 Rxf4 27. Rxf4 Bxf4 28. Rd1 Nc2 29. c5 Rg6 30. cxd6 cxd6 31. g3 Bxg3 32. Rg1 Bxh4 33. Rxg6 Nxa3 34. Rxd6 Be7 35. Re6 Bxb4 36. Rxe5 Nc4 37. Rd5 Kc7 38. Kg2 Ne3+ 39. Kg3 Nxd5 40. exd5 Kd6 41. h4 Kxd5 42. Kg4 Bf8 43. h5 a5 44. Kf5 a4 45. Kg6 Ke6 46. Kh7 Kf7 47. h6 Bxh6 48. Kxh6 a3 0-1

[Event "Live Chess"]
[Site "Chess.com"]
[Date "2023.05.21"]
[Round "-"]
[White "smoggyrabbit"]
[Black "Olisingapore"]
[Result "1-0"]
[WhiteElo "1747"]
[BlackElo "1795"]
[TimeControl "300"]
[EndTime "17:38:31 PDT"]
[Termination "smoggyrabbit won by checkmate"]

1. d4 Nf6 2. Nf3 d5 3. e3 c5 4. dxc5 Nc6 5. b3 Bd7 6. Bb2 e6 7. Bd3 Bxc5 8. O-O O-O 9. Nbd2 e5 10. Nxe5 Nxe5 11. Bxe5 Re8 12. Bb2 Qc7 13. Bxf6 gxf6 14.
Qh5 Kf8 15. Qxd5 Re5 16. Qf3 Bc6 17. Qxf6 Rh5 18. h3 Re8 19. Bc4 Bd6 20. f4 Rxe3 21.
Rae1 Rg3 22. Ne4 Rg6 23. Qh8+ Rg8 24. Qc3 Bxf4 25. Rxf4 Qxf4 26. Rf1 Rxg2+ 27. Kxg2 Bxe4+ 28. Kg1 Qg3+ 29. Qxg3 Bg6 30. Qc7 Rg5+ 31. Kf2 Rf5+ 32. Ke1 Re5+ 33. Qxe5 b5 34. Bd5 a6 35. Rf2 a5 36. Re2 a4 37. Qh8# 1-0

[Event "Live Chess"]
[Site "Chess.com"]
[Date "2023.05.21"]
[Round "-"]
[White "Biranidun"]
[Black "Tilbs_12"]
[Result "1-0"]
[WhiteElo "2639"]
[BlackElo "1557"]
[TimeControl "300"]
[EndTime "17:38:46 PDT"]
[Termination "Biranidun won by resignation"]

1. e4 c6 2. Ne2 d5 3. e5 c5 4. d4 Nc6 5. dxc5 Bg4 6. f3 Bf5 7.
Nd4 e6 8. Bb5 Rc8 9. Bxc6+ bxc6 10. Nxf5 exf5 11. b4 Ne7 12. O-O Ng6 13. Bb2 Be7 14.
Nd2 O-O 15. f4 a5 16. a3 axb4 17. axb4 Rb8 18. Ba3 Qd7 19. Nb3 f6 20. e6 Qxe6 21.
Nd4 Qd7 22. Qd3 Bd8 23. Qxf5 Qxf5 24. Nxf5 Bc7 25. g3 Rfe8 26. Rfe1 Kf7 27. Nd4 Ne7 28. Re3 g5 29. fxg5 fxg5 30. Rf1+ Kg6 31. Rfe1 Kf7 32. Rxe7+ Rxe7 33. Rxe7+ Kxe7 34. Nxc6+ Kf6 35. Nxb8 Bxb8 36. b5 Ke6 37. c6 Bc7 38. Bc5 Bd6 39. Bxd6 Kxd6 40. Kf2 h5 41. Ke3 Kc7 42. Kd4 h4 43.
gxh4 gxh4 44. Kxd5 1-0

[Event "Live Chess"]
[Site "Chess.com"]
[Date "2023.05.21"]
[Round "-"]
[White "Conradical12"]
[Black "SupremeTactician"]
[Result "1/2-1/2"]
[WhiteElo "1634"]
[BlackElo "2325"]
[TimeControl "300"]
[EndTime "17:39:09 PDT"]
[Termination "Game drawn by repetition"]

1. e4 e5 2. f4 exf4 3. Nf3 g5 4. Bc4 d6 5. d4 h6 6. O-O Bg7 7. Nc3 Ne7 8. h3 Ng6 9. e5 dxe5 10.
Nxe5 Nxe5 11. dxe5 Qxd1 12. Rxd1 Bxe5 13. Nd5 O-O 14. Re1 Bd4+ 15. Kh1 Bb6 16. Bd3 c6 17. Nf6+ Kg7 18. Ne8+ Kh8 19. Bd2 Be6 20. Bc3+ Kg8 21. Nf6+ Kg7 22. Nh5+ Kg8 23. Nf6+ Kg7 24. Nh5+ Kg8 25.
Nf6+ 1/2-1/2

[Event "Live Chess"]
[Site "Chess.com"]
[Date "2023.05.21"]
[Round "-"]
[White "WelshTiger"]
[Black "ShanthamGrarks"]
[Result "1-0"]
[WhiteElo "2350"]
[BlackElo "2009"]
[TimeControl "300"]
[EndTime "17:39:22 PDT"]
[Termination "WelshTiger won by resignation"]

1. e4 e6 2. d4 d5 3. Nd2 Nf6 4.
e5 Nfd7 5. Bd3 c5 6. c3 Nc6 7. Ne2 cxd4 8. cxd4 h6 9. f4 Be7 10. f5 exf5 11. Bxf5 Nb6 12. Bxc8 Rxc8 13. O-O O-O 14.
Nf3 f6 15. Nf4 fxe5 16. Ne6 Qd7 17. Nxf8 Rxf8 18. Nxe5 Nxe5 19. dxe5 Nc4 20. Rxf8+ Bxf8 21. Bf4 Nxb2 22. Qb3 Nc4 23. Rd1 Qf5 24. g3 Bc5+ 25. Kg2 Qe4+ 26. Qf3 Qc2+ 27. Kh3 d4 28. Qd3 Qxa2 29.
e6 Be7 30. Qf5 Bf6 31. Bxh6 Nd6 32. Qg4 Qc2 33. Rf1 Ne4 34. e7 Kf7 35. Qxg7+ Ke6 36. e8=Q+ Kd5 37. Qgd7+ Nd6 38. Qee6+ 1-0

[Event "Live Chess"]
[Site "Chess.com"]
[Date "2023.05.21"]
[Round "-"]
[White "manthanit"]
[Black "CheckThis4"]
[Result "0-1"]
[WhiteElo "1047"]
[BlackElo "2511"]
[TimeControl "300"]
[EndTime "17:39:59 PDT"]
[Termination "CheckThis4 won by checkmate"]

1. e4 d5 2. exd5 Nf6 3. Nc3 c6 4. dxc6 Nxc6 5. Nf3 e5 6. d3 Bc5 7. Be2 O-O 8. h3 Re8 9. O-O Qc7 10. Re1 e4 11. Nxe4 Nxe4 12. dxe4 Qg3 13. Kf1 Qxf2# 0-1

[Event "Live Chess"]
[Site "Chess.com"]
[Date "2023.05.21"]
[Round "-"]
[White "stevochess11"]
[Black "Tushinskiy"]
[Result "0-1"]
[WhiteElo "1785"]
[BlackElo "2161"]
[TimeControl "300"]
[EndTime "17:40:02 PDT"]
[Termination "Tushinskiy won by resignation"]

1. e4 e5 2. a3 d6 3. d3 Nf6 4.
f3 Be7 5. g3 O-O 6. Nh3 c6 7. Nf2 Nbd7 8. Bg2 Nc5 9. b4 Ne6 10. O-O a5 11. c3 d5 12. f4 exf4 13. gxf4 axb4 14. f5 Nc7 15. cxb4 dxe4 16. dxe4 Qxd1 17.
Rxd1 Bxb4 18. Bb2 Bc5 19. Bxf6 gxf6 20. Rf1 Nb5 21. Kh1 Nxa3 22. Ng4 Kg7 23. e5 fxe5 24. f6+ Kh8 25. Rf3 Bxg4 26. Rg3 Nxb1 27. Rxb1 Bf5 28.
Rxb7 Ra1+ 29. Bf1 Rxf1+ 0-1

[Event "Live Chess"]
[Site "Chess.com"]
[Date "2023.05.21"]
[Round "-"]
[White "GEMdzq"]
[Black "chessfiction"]
[Result "1/2-1/2"]
[WhiteElo "2290"]
[BlackElo "2345"]
[TimeControl "300"]
[EndTime "17:40:11 PDT"]
[Termination "Game drawn - insufficient material"]

1. e4 e6 2. d4 d5 3. Nc3 Bb4 4. e5 Ne7 5. Bd2 c5 6. Nb5 Bxd2+ 7.
Qxd2 O-O 8. f4 cxd4 9. Nf3 Nbc6 10.
O-O-O Nf5 11. Nbxd4 Nfxd4 12. Nxd4 Bd7 13. h4 Qa5 14.
Qxa5 Nxa5 15. b3 Rac8 16. Kb2 a6 17. h5 h6 18. g3 f6 19. Re1 fxe5 20. Rxe5 Nc6 21.
Nxc6 Rxc6 22. Bd3 Rf6 23. Rhe1 Be8 24. Be2 Bf7 25. Bg4 Kf8 26. R1e2 Ke7 27. Rxd5 Kf8 28. Rd8+ Ke7 29. Rb8 Rc7 30. f5 Kd7 31. fxe6+ Bxe6 32. Rg8 Kd6 33. Rd2+ Ke5 34. Re8 Rc6 35. Re2+ Kd5 36. c4+ Kd4 37. R8xe6 Rcxe6 38. Bxe6 Kd3 39. Re1 Rf2+ 40.
Ka3 b5 41. cxb5 axb5 42. Rd1+ Kc3 43. Rc1+ Kd4 44. Kb4 Rxa2 45. Kxb5 Re2 46. Bc8 Re5+ 47. Ka6 Rxh5 48. b4 Rg5 49. g4 Rg6+ 50. Ka7 h5 51.
gxh5 Rg3 52. b5 Ra3+ 53. Kb7 Ra1 54. b6 Rxc1 55. Bf5 Rf1 56. Bg6 Kc5 57. Kc7 Ra1 58. b7 Ra7 59. Kc8 Rxb7 60. Kxb7 Kd6 61. Kc8 Ke7 62. Kc7 Kf8 63. Kd7 Kg8 64. Ke6 Kh8 65. Kf5 Kg8 66. Kg5 Kh8 67. Kf5 Kg8 68. Ke6 Kh8 69. Bc2 Kg8 70. Kf5 Kh8 71. Kg5 Kg8 72. Ba4 Kh8 73. Bb5 Kg8 74. Kg6 Kh8 75. Bd3 Kg8 76.
h6 gxh6 77. Kxh6 1/2-1/2

[Event "Live Chess"]
[Site "Chess.com"]
[Date "2023.05.21"]
[Round "-"]
[White "Hussamalhaidar"]
[Black "EdenHazard8"]
[Result "1-0"]
[WhiteElo "1093"]
[BlackElo "1987"]
[TimeControl "300"]
[EndTime "17:40:37 PDT"]
[Termination "Hussamalhaidar won by checkmate"]

1. b3 e5 2. Bb2 Nc6 3. e3 d5 4. Bb5 f6 5. f4 Bd6 6. fxe5 fxe5 7. Bxc6+ bxc6 8. Bxe5 Bxe5 9. Qh5+ Kf8 10. Qxe5 Qf6 11. Nf3 Qe7 12. d4 Nf6 13. Qxe7+ Kxe7 14. Ne5 Bb7 15. O-O Rhf8 16. Nc3 Rf7 17. Nxf7 Kxf7 18. g4 Ke6 19. g5 Nd7 20. e4 Kd6 21. e5+ Ke6 22. Rf3 c5 23. Nb5 Rc8 24. c3 cxd4 25. cxd4 a6 26. Na3 c5 27. Nc2 cxd4 28. Nxd4+ Kxe5 29. Rd1 Nc5 30. b4 Ne4 31. Re3 Rc4 32. Nf3+ Kf4 33. Red3 Rxb4 34. Rf1 Nxg5 35. Nd4+ Ke4 36. Nc2 Rb2 37. Re3# 1-0

[Event "Live Chess"]
[Site "Chess.com"]
[Date "2023.05.21"]
[Round "-"]
[White "AlanPaling"]
[Black "wot-not"]
[Result "0-1"]
[WhiteElo "1382"]
[BlackElo "1547"]
[TimeControl "300"]
[EndTime "17:40:44 PDT"]
[Termination "wot-not won by resignation"]

1. c4 Nf6 2. Nc3 d6 3. g3 e5 4. Bg2 Be7 5. e4 Bg4 6. Nge2 Qd7 7. O-O Bh3 8. f4 Bxg2 9. Kxg2 exf4 10. Nxf4 O-O 11. d3 Nc6 12. Be3 Ne5 13. Nfd5 Nxd5 14.
Nxd5 c6 15. Nxe7+ Qxe7 16. Qd2 Rad8 17. b3 d5 18. exd5 cxd5 19. Qc3 Ng4 20. Bf4 Ne3+ 21. Bxe3 Qxe3 22. Rae1 Qc5 23. d4 Qc6 24. c5 b6 25.
b4 Rde8 26. Rxe8 Rxe8 27. Re1 Re4 28. Qd3 Rxe1 29. Qd2 Qe6 30. Qg5 0-1

[Event "Live Chess"]
[Site "Chess.com"]
[Date "2023.05.21"]
[Round "-"]
[White "xx_blindpuffin_xx"]
[Black "KeithArkell"]
[Result "0-1"]
[WhiteElo "2196"]
[BlackElo "2605"]
[TimeControl "300"]
[EndTime "17:40:54 PDT"]
[Termination "KeithArkell won on time"]

1. d4 e6 2. Bf4 Nf6 3. e3 c5 4. c3 cxd4 5. exd4 b6 6. Nf3 Be7 7. Be2 Ba6 8. O-O Bxe2 9. Qxe2 O-O 10. h3 d6 11. Nbd2 Nbd7 12. Rfe1 Re8 13. a4 a6 14.
Bh2 Qc7 15. Qd3 Qc6 16. Nc4 b5 17. axb5 axb5 18. Ne3 Nb6 19. d5 Nbxd5 20. Nd4 Qb7 21.
Qxb5 Qxb5 22. Nxb5 Nxe3 23. fxe3 Ne4 24. Nc7 Rxa1 25.
Rxa1 Rc8 26. Ra4 d5 27. Nb5 h5 28. Kf1 h4 29. Ke2 g5 30. Ra7 Bf8 31. Be5 f6 32. Bh2 e5 33. Nc7 Rb8 34. Nxd5 Rxb2+ 35. Kd3 Nf2+ 36. Kc4 Bg7 37. Ne7+ Kh8 38. Nf5 Bf8 39. Rf7 Kg8 40. Ra7 Ne4 41. Kd5 Nxc3+ 42. Ke6 Rxg2 43.
Kxf6 Rxh2 44. Kg6 Rb2 45. Ra8 Rb6+ 46. Kxg5 Kf7 47. Nxh4 Be7+ 48. Kg4 Rb4+ 49. Kf5 Rxh4 50. Kxe5 Re4+ 51. Kf5 Rxe3 52. Ra7 Rxh3 53. Kg4 Rh4+ 54.
Kg3 Ne4+ 55. Kf3 Ke6 56. Ra6+ Bd6 57. Rb6 Ng5+ 58. Kf2 Rh2+ 59. Kg1 Rd2 60. Kf1 Ne4 61. Rb1 Kf5 62. Kg1 Bc5+ 0-1

[Event "Live Chess"]
[Site "Chess.com"]
[Date "2023.05.21"]
[Round "-"]
[White "peter-785"]
[Black "luckywookie"]
[Result "1-0"]
[WhiteElo "1201"]
[BlackElo "765"]
[TimeControl "300"]
[EndTime "17:41:04 PDT"]
[Termination "peter-785 won by checkmate"]

1. e4 c6 2. Nf3 d5 3. exd5 cxd5 4. d4 Nc6 5. Bb5 Bd7 6. c3 e6 7. O-O Bd6 8. Re1 Nge7 9. Bxc6 bxc6 10. Ne5 Bxe5 11.
Rxe5 Ng6 12. Re2 O-O 13. Nd2 Re8 14. Nf3 f6 15. Qc2 e5 16. dxe5 Nxe5 17. Nxe5 fxe5 18. Bd2 Qf6 19. Rae1 e4 20. Re3 Rf8 21. Rf1 Rae8 22. f4 Qg6 23. Rg3 Qf5 24. Be3 a6 25. a3 Rf6 26. b4 Rg6 27. Rxg6 Qxg6 28. Qf2 Rf8 29. Qg3 Qf7 30. Qf2 h6 31. Qg3 g6 32. Qh4 h5 33.
Qg5 Qf5 34. Qh6 Qg4 35. Bd4 Rf7 36. Qh8# 1-0

[Event "Live Chess"]
[Site "Chess.com"]
[Date "2023.05.21"]
[Round "-"]
[White "LutherSullivan"]
[Black "grillage"]
[Result "1-0"]
[WhiteElo "2109"]
[BlackElo "1800"]
[TimeControl "300"]
[EndTime "17:41:05 PDT"]
[Termination "LutherSullivan won by resignation"]

1. c4 b6 2. Nc3 Bb7 3. e4 e6 4. d3 Bb4 5. Bd2 Ne7 6. Qg4 Ng6 7. h4 Qf6 8. h5 Ne5 9. Qg3 Nbc6 10. f4 Nd4 11. Rc1 Nec6 12. a3 Bxc3 13. Bxc3 O-O-O 14. Ne2 g5 15. fxg5 Qg7 16. h6 Qg6 17. Nxd4 Rhg8 18.
Nxc6 Bxc6 19. Be2 f5 20. Bh5 Qxg5 21. Qxg5 Rxg5 22. Bf6 Rxg2 23. Bxd8 Kxd8 24. Bf3 Rxb2 25. O-O fxe4 26. Bxe4 1-0

[Event "Live Chess"]
[Site "Chess.com"]
[Date "2023.05.21"]
[Round "-"]
[White "CeladonFish"]
[Black "Cimon"]
[Result "0-1"]
[WhiteElo "1088"]
[BlackElo "1857"]
[TimeControl "300"]
[EndTime "17:41:20 PDT"]
[Termination "Cimon won by resignation"]

1. d4 d5 2. c3 Nf6 3. Nf3 c5 4. Nbd2 Nc6 5. e4 dxe4 6. Ne5 cxd4 7. cxd4 Qxd4 8. f4 g6 9. Nxc6 bxc6 10. Qc2 Bd7 11.
Nb3 Qb6 12. Nc5 Bg7 13. g4 Bxg4 14. h3 Bf3 15. Rg1 O-O 0-1

[Event "Live Chess"]
[Site "Chess.com"]
[Date "2023.05.21"]
[Round "-"]
[White "romchyk1219"]
[Black "jimwad"]
[Result "0-1"]
[WhiteElo "634"]
[BlackElo "1254"]
[TimeControl "300"]
[EndTime "17:41:34 PDT"]
[Termination "jimwad won by resignation"]

1. e4 e5 2. Nf3 Nc6 3. Bb5 Nf6 4.
Nc3 Bc5 5. O-O d6 6. d4 exd4 7. Nxd4 Bd7 8. Nxc6 Bxc6 9. Bxc6+ bxc6 10. Bg5 O-O 11. Ne2 h6 12. Bh4 g5 13. Bg3 Nxe4 14.
a3 Nxg3 15. Nxg3 d5 16. b4 Bd6 17. Nf5 Qf6 18. Nxd6 cxd6 19. Rc1 Rac8 20. c4 dxc4 21. Rxc4 d5 22. Rc3 Qxc3 23. Re1 Qxa3 0-1